 Dungeon Crawl Stone Soup version 0.27.1-34-g3ba077fa99 (webtiles) character file.

Game seed: 3272080091256002191

1176 belegose the Chucker (level 8, -1/60 HPs)
             Began as a Human Arcane Marksman on Jan 10, 2022.
             Was a Follower of Yredelemnul.
             Slain by a guardian serpent (glowing shapeshifter) (20 damage)
             ... on level 5 of the Dungeon.
             The game lasted 00:26:31 (11173 turns).

belegose the Chucker (Human Arcane Marksman)       Turns: 11173, Time: 00:26:31

Health: -1/60      AC:  7    Str: 12    XL:     8   Next: 69%
Magic:  10/10      EV: 17    Int: 14    God:    Yredelemnul [*.....]
Gold:   359        SH:  0    Dex: 14    Spells: 8/9 levels left

rFire    . . .     SeeInvis .   s - +3 quarterstaff (chaos)
rCold    . . .     Faith    .   (shield currently unavailable)
rNeg     . . .     Spirit   .   E - +2 robe {Will+}
rPois    .         Reflect  .   (no helmet)
rElec    .         Harm     .   t - +2 cloak
rCorr    .         Rampage  .   (no gloves)
Will     +....                  (no boots)
Stlth    ++........             (no amulet)
HPRegen  0.20/turn              m - +4 ring of evasion
MPRegen  0.12/turn              (no ring)

@: no status effects
A: no striking features
a: Renounce Religion, Animate Remains


You were on level 5 of the Dungeon.
You worshipped Yredelemnul.
Yredelemnul was aware of your devotion.
You visited 2 branches of the dungeon, and saw 7 of its levels.

You collected 359 gold pieces.

Inventory:

Hand Weapons
 a - a +0 mace
 b - a +0 hunting sling
 s - a +3 quarterstaff of chaos (weapon)
 B - a +0 falchion
 F - a +0 flail of venom
Missiles
 c - 2 throwing nets
 d - 176 stones
 h - 4 javelins (quivered)
 l - 69 bolts
 o - 86 sling bullets
 w - 12 poisoned darts
Armour
 t - a +2 cloak (worn)
 u - a +0 kite shield
 E - a +2 robe of willpower (worn)
Magical Staves
 i - a staff of poison
Jewellery
 k - a ring of fire
 m - a +4 ring of evasion (left hand)
Wands
 y - a wand of iceblast (2)
Scrolls
 e - 5 scrolls of identify {unknown}
 f - 2 scrolls of acquirement {unknown}
 n - a scroll of amnesia {unknown}
 p - a scroll of vulnerability {unknown}
 q - a scroll of enchant weapon {unknown}
 r - a scroll of magic mapping {unknown}
 x - a scroll of enchant armour {unknown}
 A - 4 scrolls of teleportation {unknown}
Potions
 g - 3 potions of haste
 j - a potion of brilliance {unknown}
 v - a potion of curing
 z - a potion of heal wounds {unknown}
 C - a potion of flight {unknown}
 D - 2 potions of might {unknown}


   Skills:
 - Level 3.9 Fighting
 - Level 2.9(3.1) Maces & Flails
 + Level 1.4(2.3) Staves
 + Level 4.3 Throwing
 + Level 3.4 Armour
 - Level 3.0 Dodging
 - Level 3.0 Stealth
 - Level 1.0 Spellcasting
 - Level 3.0 Hexes
 + Level 3.9 Invocations
 + Level 2.2 Evocations


You had 8 spell levels left.
You knew the following spells:

 Your Spells              Type           Power      Damage    Failure   Level
a - Corona                Hex            10%        N/A       8%          1

Your spell library contained the following spells:

 Spells                   Type           Power      Damage    Failure   Level
 Slow                     Hex            9%         N/A       12%         2
 Corpse Rot               Necr/Air       N/A        N/A       36%         2
 Inner Flame              Hex/Fire       4%         N/A       38%         3
 Portal Projectile        Hex/Tloc       8%         N/A       38%         3
 Cause Fear               Hex            4%         N/A       58%         4
 Dispel Undead            Necr           0%         3d6       95%         4
 Death Channel            Necr           0%         N/A       100%        6


Dungeon Overview and Level Annotations

Branches:
Dungeon (6/15)             Temple (1/1) D:4

Altars:
Dithmenos
Gozag
Nemelex Xobeh
Okawaru
Ru
Trog
Vehumet
Wu Jian
Yredelemnul
Zin
The Shining One

Annotations:
D:4 Grinder


Message History

The shining eye is severely wounded.
The shining eye changes into a snapping turtle!
You hit the snapping turtle but do no damage.
The snapping turtle appears confused.
The snapping turtle is moderately wounded.
The snapping turtle changes into a komodo dragon!
You completely miss the komodo dragon. The komodo dragon bites you!!
You hit the komodo dragon but do no damage.
The komodo dragon barely misses you.
You hit the komodo dragon but do no damage.
The komodo dragon suddenly seems more agile.
The komodo dragon completely misses you.
You hit the komodo dragon. You freeze the komodo dragon.
The komodo dragon is lightly wounded.
The komodo dragon bites you!
You barely miss the komodo dragon.
The komodo dragon is lightly wounded.
The komodo dragon closely misses you.
You hit the komodo dragon.
The komodo dragon goes berserk!
The komodo dragon is moderately wounded.
The komodo dragon changes into an elephant!
You hit the elephant. You burn the elephant.
The elephant is lightly wounded.
The elephant tramples you but does no damage.
The elephant closely misses you.
You hit the elephant but do no damage.
The elephant is lightly wounded.
The elephant changes into a guardian serpent!
You hit the guardian serpent. You burn the guardian serpent.
The guardian serpent is lightly wounded.
The guardian serpent hits you!
* * * LOW HITPOINT WARNING * * *
You hit the guardian serpent.
The guardian serpent is lightly wounded.
The guardian serpent closely misses you. x2
You closely miss the guardian serpent.
The guardian serpent is lightly wounded.
The guardian serpent hits you!!
You die...
Your body rises from the dead as a mindless zombie.

#.......###...####
#...# ##.....##
###....###...##
#....## ###....#....#
##...## ##...###..##
#....# #...# ##..##
#....## #..## ##..#
##.....##########..#
##..
##..................#
##.
##...###..^..@S.....##
#. ##..###
#...########## #.
##..## #..## ##.
##..## #..# ##.. #..##
#..# ##... ..## #..#
#.... .## #.## #>...
## ##.## ##... # #...#
###.


You could see a guardian serpent shaped shifter.

Vanquished Creatures
  An ice beast (D:5)
  A black bear (D:4)
  2 ogres (D:4)
  A bullfrog (D:4)
  A gnoll sergeant (D:5)
  A water moccasin skeleton (D:4)
  A howler monkey (D:4)
  2 bullfrog zombies
  2 jellies (D:4)
  An orc priest (D:3)
  2 hounds (D:4)
  Crazy Yiuf (D:3)
  Jessica (D:3)
  An iguana (D:5)
  2 orc wizards
  7 adders
  7 gnolls
  A white imp (D:3)
  An adder zombie (D:5)
  2 worms
  4 dart slugs
  21 orcs
  8 ball pythons
  6 bats
  6 endoplasms
  2 giant cockroaches
  6 goblins
  8 hobgoblins
  2 jackals (D:1)
  10 kobolds
  3 quokkas
  5 rats
119 creatures vanquished.

Vanquished Creatures (others)
  4 plants (D:5)
4 creatures vanquished.

Grand Total: 123 creatures vanquished

Notes
Turn   | Place    | Note
-------+----------+-------------------------------------------
     0 | D:1      | belegose the Human Arcane Marksman began the quest for the
                  | Orb.
     0 | D:1      | Reached XP level 1. HP: 15/15 MP: 2/2
   478 | D:1      | Reached XP level 2. HP: 21/21 MP: 3/3
   601 | D:1      | Found a faded altar of an unknown god.
   950 | D:1      | Reached skill level 1 in Stealth
  1021 | D:1      | Reached XP level 3. HP: 16/26 MP: 4/4
  2523 | D:2      | Reached XP level 4. HP: 32/33 MP: 5/5
  3402 | D:2      | Reached XP level 5. HP: 23/38 MP: 6/6
  3934 | D:3      | Found a runed translucent door.
  3935 | D:3      | Noticed Crazy Yiuf
  4182 | D:2      | Reached skill level 3 in Throwing
  5160 | D:3      | Reached skill level 1 in Maces & Flails
  5160 | D:3      | Reached XP level 6. HP: 17/46 MP: 7/7
  5369 | D:3      | Found an ornate altar of the Wu Jian Council.
  5371 | D:3      | Found a basalt altar of Yredelemnul.
  5372 | D:3      | Found an iron altar of Okawaru.
  5373 | D:3      | Found a radiant altar of Vehumet.
  5373 | D:3      | Found a sparkling altar of Nemelex Xobeh.
  5373 | D:3      | Found a bloodstained altar of Trog.
  5374 | D:3      | Found a glowing silver altar of Zin.
  5374 | D:3      | Found an opulent altar of Gozag.
  5399 | D:3      | Became a worshipper of Yredelemnul the Dark
  6605 | D:4      | Found a staircase to the Ecumenical Temple.
  6645 | Temple   | Entered the Ecumenical Temple
  6696 | D:4      | Reached skill level 1 in Invocations
  6777 | D:4      | Noticed a black bear
  7047 | D:4      | Reached skill level 1 in Armour
  7047 | D:4      | Reached XP level 7. HP: 34/52 MP: 8/8
  7838 | D:5      | Entered Level 5 of the Dungeon
  8371 | D:4      | Reached XP level 8. HP: 60/60 MP: 10/10
  8446 | D:4      | Reached skill level 1 in Evocations
  8503 | D:5      | Noticed Grinder
  8560 | D:5      | Found a glowing golden altar of the Shining One.
  8730 | D:5      | Paralysed by Grinder for 2 turns
  9021 | D:5      | Paralysed by Grinder for 4 turns
  9195 | D:3      | Noticed Jessica
  9199 | D:3      | Killed Jessica
  9200 | D:3      | Reached skill level 4 in Throwing
  9250 | D:3      | Reached * piety under Yredelemnul
  9868 | D:3      | Killed Crazy Yiuf
 10934 | D:5      | Reached skill level 1 in Staves
 11151 | D:6      | Noticed a glowing shapeshifter
 11151 | D:6      | an adder changed into a glowing shapeshifter
 11151 | D:6      | Noticed an eye of devastation
 11151 | D:6      | a glowing shapeshifter changed into an eye of devastation
 11152 | D:6      | Noticed a glowing orange brain
 11152 | D:6      | an eye of devastation changed into a glowing orange brain
 11155 | D:5      | Noticed a shining eye
 11155 | D:5      | a glowing orange brain changed into a shining eye
 11161 | D:5      | Noticed a snapping turtle
 11161 | D:5      | a shining eye changed into a snapping turtle
 11162 | D:5      | Noticed a komodo dragon
 11162 | D:5      | a snapping turtle changed into a komodo dragon
 11168 | D:5      | Noticed an elephant
 11168 | D:5      | a komodo dragon changed into an elephant
 11170 | D:5      | Noticed a guardian serpent
 11170 | D:5      | an elephant changed into a guardian serpent
 11173 | D:5      | Slain by a guardian serpent (glowing shapeshifter)

Illustrated notes

Levels and vault maps discovered:
D:1:      lemuel_arrival_cross, layout_basic, basic_ecumenical_altar,
          chequers_big_river, skrybe_limestone_x, minmay_pentomino_t2
D:2:      layout_loops_corners
D:3:      layout_basic, grunt_temple_overflow_open, uniq_jessica,
          uniq_crazy_yiuf_cottage
D:4:      layout_loops_ring, temple_pool_b
D:5:      layout_layer_cave, mainiacjoe_overflow_boulevard, uniq_grinder
D:6:      layout_basic, serial_shops, kennysheep_mini, nicolae_lava_and_water
Temple:   nicolae_temple_hex_pool

Skill      XL: |  1  2  3  4  5  6  7  8 |
---------------+-------------------------+-----
Stealth        | 1 2 3 |  3.0
Fighting       | 2 3 |  3.9
Dodging        | 3 |  3.0
Throwing       | 3 4 |  4.3
Maces & Flails | 1 2 |  2.9
Invocations    | 1 3 |  3.9
Armour         | 1 2 3 |  3.4
Evocations     | 2 |  2.2
Staves         | 1 |  1.4
Spellcasting   | |  1.0
Hexes          | |  3.0

Action                   |  1- 3 |  4- 6 |  7- 9 || total
-------------------------+-------+-------+-------++-------
Melee: Unarmed           |    15 |       |       ||    15
       Mace              |    57 |   183 |   136 ||   376
       Staff             |       |    31 |       ||    31
       Quarterstaff      |       |       |    56 ||    56
 Fire: Hunting sling     |    28 |    98 |    16 ||   142
Throw: Stone             |    30 |       |       ||    30
       Javelin           |     1 |       |     5 ||     6
       Dart              |       |       |    33 ||    33
Evoke: Wand              |       |       |     7 ||     7
  Use: Potion            |       |     2 |     2 ||     4
 Stab: Sleeping          |       |     1 |     1 ||     2
Armor: Robe              |    16 |    13 |    15 ||    44
       Ring mail         |       |    35 |    29 ||    64
       Leather armour    |       |     5 |       ||     5
       Skin              |       |       |     2 ||     2
Dodge: Dodged            |    74 |   215 |   160 ||   449
